 Dungeon Sprint DCSS version 0.30-a0-986-g7f2e898f52 (webtiles) character file.

Game seed: 851066176279333425

8122 Patoropollo the Fighter (level 10, -30/101 HPs)
             Began as a Demigod Fighter on Apr 1, 2023.
             Killed from afar by a frost giant (62 damage)
             ... with a bolt of cold
             ... in the Dungeon (Sprint V: "Ziggurat Sprint").
             The game lasted 00:05:59 (667 turns).

Patoropollo the Fighter (Demigod Fighter)            Turns: 667, Time: 00:05:59

Health: -30/101    AC: 32    Str: 44    XL:     10   Next: 77%
Magic:  13/13      EV:  3    Int: 13    God:
Gold:   1103       SH: 36    Dex: 16    Spells: 9/9 levels left

rFire   . . .      SeeInvis +    D - +16 obsidian axe {drain, demonic, Mesm Drain Fly SInv}
rCold   . . .      Faith    .    B - +18 shield of the Gong {Loud rN+ Will+ rCorr EV-5}
rNeg    + . .      Spirit   .    C - +15 Maxwell's patent armour {-Cast -Tele rElec Will+ rCorr}
rPois   .          Reflect  +    b - +0 helmet {Int+3}
rElec   +          Rampage  .    (no cloak)
rCorr   +          NoTele   +    (no gloves)
Will    +++..      NoCast   +    (no boots) Stlth
                                 u - amulet "Qicliw" {Reflect Str+3 Dex+3 SH+5}
HPRegen 0.36/turn                y - +6 ring of strength
MPRegen 0.13/turn                x - +6 ring of strength

@: flying, mesmerised, studying Transmutations
A: high MP 1, forlorn, divine attributes
a: no special abilities


You were in the Dungeon.
You visited 1 branch You collected 1103 gold pieces.

Inventory:

Hand Weapons
 D - the +16 obsidian axe (weapon) {drain, demonic, Mesm Drain Fly SInv}
   (You found it in the Dungeon)

   Mesm:      Its wielder is mesmerised by any visible foes, and it cannot be
   unequipped while any foes are visible.
   SInv:      It lets you see invisible.
   Fly:       It grants you flight.
   Drain:     It drains your maximum health when unequipped.
Armour
 b - a +0 helmet of intelligence (worn)
 B - the +18 shield of the Gong (worn) {Loud rN+ Will+ rCorr EV-5}
   (You found it in the Dungeon)

   Loud:      It is deafeningly noisy when blocking attacks.
   EV:        It affects your evasion (-5).
   rN:        It protects you from negative energy.
   rCorr:     It protects you from acid and corrosion.
   Will:      It increases your willpower.
 C - the +15 Maxwell's patent armour (worn) {-Cast -Tele rElec Will+ rCorr}
   (You found it in the Dungeon)

   rElec:     It insulates you from electricity.
   -Cast:     It prevents spellcasting.
   -Tele:     It prevents most forms of teleportation.
   rCorr:     It protects you from acid and corrosion.
   Will:      It increases your willpower.
Jewellery
 c - the ring "Peto" {rCorr Str+4 Int+2}
   (You found it in the Dungeon)

   [ring of resist corrosion]

   Str:       It affects your strength (+4).
   Int:       It affects your intelligence (+2).
   rCorr:     It protects you from acid and corrosion.
 s - a ring of flight
 u - the amulet "Qicliw" (around neck) {Reflect Str+3 Dex+3 SH+5}
   (You found it in the Dungeon)

   [amulet of reflection]

   It reflects blocked missile attacks.
   Str:       It affects your strength (+3).
   Dex:       It affects your dexterity (+3).
   SH:        It affects your SH (+5).
 x - a +6 ring of strength (right hand)
 y - a +6 ring of strength (left hand)
Wands
 z - a wand of mindburst (7)
 A - a wand of acid (7)
Scrolls
 a - 2 scrolls of brand weapon
 j - 4 scrolls of blinking
 o - 4 scrolls of amnesia
 p - 7 scrolls of fog
 q - 5 scrolls of identify
 r - 2 scrolls of fear
Potions
 d - 6 potions of might
 e - 10 potions of curing
 f - 10 potions of heal wounds
 g - 6 potions of haste
 h - 7 potions of magic
 i - 3 potions of berserk rage
 k - 2 potions of brilliance
 l - 2 potions of invisibility
 m - 4 potions of resistance


   Skills:
 + Level 13.1 Fighting
 + Level 12.3 Axes
 + Level 13.0 Armour
 + Level 13.1 Shields


You had 9 spell levels left.
You didn't know any spells.
Your spell library was empty.

Dungeon Overview and Level Annotations

Branches:
Dungeon (1/1)

Annotations:
D 1 transporter, Grum


Innate Abilities, Weirdness & Mutations

You have an increased reservoir of magic. (+10% MP)
You shall have no god before yourself.
Your divine heritage dramatically boosts your attributes as you level up.


Message History

You block the wizard's attack.
BONNNG!
Grum barely misses your sixfirhy.
You slice the wizard!!
You are no longer entranced.
You kill the wizard!
You slash the frost giant!
Visions of slaying the frost giant flood into your mind.
The stone giant burns!
Your sixfirhy hits the frost giant but does no damage.
Your sun demon barely misses the purple draconian.
Your sixfirhy hits the frost giant!
Your sixfirhy shocks the frost giant!
You block the frost giant's attack.
PTOANNNG!
The frost giant hits your sixfirhy with a +2 battleaxe of freezing!!
The frost giant freezes your sixfirhy.
Your sixfirhy dies!
Your sixfirhy disappears in a puff of smoke!
The stone giant is engulfed in a cloud of scalding steam.
You block the purple draconian's attack.
GONNNNG!
The cyclops throws a large rock.
GONNNNG!
You reflect the large rock off an invisible shield around you!
The large rock hits the cyclops!!!
The vault guard hits you from afar with a +0 bardiche!
Your Armour skill increases to level 13!
You slice the frost giant like a ripe choko!!!
The frost giant is severely wounded.
You hit the ancient champion but do no damage.
You open a gate to Pandemonium!
A demon appears!
You completely miss the cyclops.
The stone giant burns!
Your sun demon hits the purple draconian but does no damage.
The ancient champion hits you with a +1 great mace.
Grum barely misses your smoke demon.
The stone giant throws a large rock.
The large rock hits you!!
The frost giant gestures at you while chanting.
The bolt of cold hits you!!!
Ouch! That really hurt!
You die...

▓....©....▓...©...▓
▓▓▓▓▓▓▓▓▓▓▓▓▓▓▓▓▓▓▓
▓...8©8...▓..8©8..▓
▓..)))))..▓...|...▓
▓...=:)§§§▓....}..▓
▓...gC.§..▓.......▓
▓...p3.C§.▓..=....▓
▓...C))...▓..††...▓
▓...z@3...▓..†....▓
▓.▓.C..d▓.▓.▓...▓.▓
▓....©....▓...©...▓
▓▓▓▓▓▓▓▓▓▓▓▓▓▓▓▓▓▓▓


You could see a frost giant (mesmerising), a purple draconian (ally target), a
stone giant (burning), a vault guard, an ancient champion (fast), 2 cyclopes,
Grum (ally target), a friendly sun demon (summoned) and a friendly smoke demon
(summoned).

Vanquished Creatures
  A vault guard (D)
  An ironbound frostheart (D)
  A dancing weapon (D)
  A wizard (D)
  A deep elf pyromancer (D)
  An ugly thing (D)
  A jumping spider (D)
  A yak (shapeshifter) (D)
  2 golden eyes (D)
  A fire elemental (D)
  A naga (shapeshifter) (D)
  A floating eye (D)
  An ice beast (shapeshifter) (D)
  3 necrophages (D)
  A scorpion (D)
  A jelly (D)
  An adder zombie (D)
  An endoplasm (D)
  A ball python skeleton (D)
  2 ball python zombies (D)
  A giant cockroach zombie (D)
  3 quokka skeletons (D)
28 creatures vanquished.

Vanquished Creatures (collateral kills)
  A yaktaur captain (D)
  2 vault guards (D)
  An ironbound convoker (D)
  A swamp dragon (shapeshifter) (D)
  An ugly thing (D)
  A jumping spider (D)
  2 phantoms (D)
  A necrophage (D)
  A wight (D)
  An endoplasm (D)
  3 ball python skeletons (D)
  A quokka skeleton (D)
16 creatures vanquished.

Grand Total: 44 creatures vanquished

Notes
Turn   | Place    | Note
-------+----------+-------------------------------------------
     0 | D        | Patoropollo the Demigod Fighter began the quest for the
                  | Orb.
     0 | D        | Reached XP level 1. HP: 18/18 MP: 3/3
     0 | D        | Found the +6 Majin-Bo {spellvamp, MP+6 Int+6}
     0 | D        | Found the +27 heavy crossbow "Sniper" {heavy, Acc+∞ SInv}
     0 | D        | Found the +10 dark maul {heavy}
     0 | D        | Found the +15 Maxwell's patent armour {-Cast -Tele rElec
                  | Will+ rCorr}
     0 | D        | Found the +18 shield of the Gong {Loud rN+ Will+ rCorr
                  | EV-5}
     0 | D        | Found the +16 obsidian axe {drain, demonic, Mesm Drain Fly
                  | SInv}
     0 | D        | Found the +7 great mace "Firestarter" {flame, inner flame,
                  | rFlCloud rF++}
     0 | D        | Found the +6 shillelagh "Devastator" {shatter}
     0 | D        | Found the +11 plutonium sword {Contam Stlth-}
     0 | D        | Found the +8 lance "Wyrmbane" {slay drac, rPois rF+ rC+
                  | AC+3}
     0 | D        | Found the +9 sword of Zonguldrok {reap}
     0 | D        | Found the +13 scythe of Curses {drain, curses, Drain}
     0 | D        | Found the +9 sword of Power {lifebolt}
     0 | D        | Found the +7 mace of Variability {chaos, chain chaos}
     0 | D        | Found the +11 Singing Sword {sonic wave}
     0 | D        | Found the +8 storm bow {elec, penet}
     2 | D        | Found a transporter.
    73 | D        | Entered arena 2.
    73 | D        | Noticed a jelly
    73 | D        | Noticed a golden eye
    73 | D        | Found a transporter.
    76 | D        | Killed a jelly
    76 | D        | Killed a golden eye
    77 | D        | Reached skill level 5 in Armour
    77 | D        | Reached XP level 2. HP: 29/30 MP: 4/4
    77 | D        | Reached XP level 3. HP: 36/37 MP: 5/5
    77 | D        | Reached XP level 4. HP: 43/44 MP: 6/6
    77 | D        | Reached XP level 5. HP: 49/50 MP: 7/7
    77 | D        | Reached skill level 5 in Axes
    77 | D        | Reached XP level 6. HP: 59/61 MP: 8/8
    89 | D        | Entered arena 3.
    89 | D        | Noticed a jumping spider
    89 | D        | Noticed a jumping spider
    89 | D        | Found a transporter.
    93 | D        | Killed a jumping spider
    93 | D        | Killed a jumping spider
    94 | D        | Reached XP level 7. HP: 58/69 MP: 9/9
   137 | D        | Entered arena 4.
   137 | D        | Found a transporter.
   148 | D        | Entered arena 5.
   148 | D        | Noticed a merfolk
   148 | D        | Noticed a +1 dire flail of holy wrath
   148 | D        | Noticed a fire elemental
   148 | D        | Noticed a deep elf pyromancer
   148 | D        | Found a transporter.
   154 | D        | Killed a deep elf pyromancer
   154 | D        | a merfolk changed into a swamp dragon
   154 | D        | Noticed a swamp dragon (glowing shapeshifter)
   155 | D        | Reached XP level 8. HP: 45/78 MP: 10/10
   155 | D        | Killed a +1 dire flail of holy wrath
   156 | D        | Reached skill level 10 in Fighting
   156 | D        | Reached skill level 10 in Armour
   156 | D        | Reached skill level 10 in Shields
   156 | D        | Killed a swamp dragon
   157 | D        | Reached XP level 9. HP: 46/86 MP: 11/11
   398 | D        | Entered arena 6.
   398 | D        | Noticed a red ugly thing
   398 | D        | Noticed a cyan ugly thing
   398 | D        | Found a transporter.
   401 | D        | Noticed a sixfirhy
   402 | D        | Killed a cyan ugly thing
   403 | D        | Reached skill level 10 in Axes
   407 | D        | Killed a red ugly thing
   557 | D        | Got the ring "Samom" {rF+ Str+6 Int+4 Dex-5 Stlth+}
   566 | D        | Entered arena 7.
   567 | D        | Found a transporter.
   591 | D        | Entered arena 8.
   592 | D        | Found a transporter.
   608 | D        | Got the amulet "Qicliw" {Reflect Str+3 Dex+3 SH+5}
   626 | D        | Acquired 1103 gold pieces
   635 | D        | Entered arena 9.
   636 | D        | Found a transporter.
   645 | D        | Got the ring "Peto" {rCorr Str+4 Int+2}
   656 | D        | Entered arena 10.
   656 | D        | Noticed a vault guard
   656 | D        | Noticed a vault guard
   656 | D        | Noticed a vault guard
   656 | D        | Noticed an ironbound convoker
   656 | D        | Noticed a wizard
   656 | D        | Noticed a vault guard
   656 | D        | Noticed an ironbound frostheart
   656 | D        | Noticed a yaktaur captain
   657 | D        | Found a transporter.
   660 | D        | Killed a vault guard
   660 | D        | Killed a yaktaur captain
   661 | D        | Reached XP level 10. HP: 97/97 MP: 13/13
   661 | D        | Killed an ironbound frostheart
   661 | D        | Killed a vault guard
   662 | D        | Noticed a cyclops
   662 | D        | Noticed Grum
   662 | D        | Noticed an ancient champion
   662 | D        | Noticed a frost giant
   662 | D        | Noticed a cyclops
   663 | D        | Noticed a purple draconian
   663 | D        | Noticed a stone giant
   663 | D        | Killed a vault guard
   663 | D        | Killed an ironbound convoker
   666 | D        | Killed a wizard
   667 | D        | Killed from afar by a frost giant

Illustrated notes

Levels and vault maps discovered:
D:        sprint_v [room_start, room_1, room_2, room_3, room_4, room_5, room_6,
          room_7, room_8, room_9, room_10, room_11, room_12, room_13, room_14,
          room_15, room_16, room_17, room_18, room_19, room_20, room_21,
          room_22, room_23, room_24, room_25, room_26, room_27]

Skill      XL: |  1  2  3  4  5  6  7  8  9 10 |
---------------+-------------------------------+-----
Fighting       | 6 7 8 9 10 12 13 | 13.1
Axes           | 3 5 7 8 9 11 12 | 12.3
Armour         | 5 7 8 9 10 12 13 | 13.0
Shields        | 6 7 8 9 10 12 13 | 13.1

Action                     |  1- 3 |  4- 6 |  7- 9 | 10-12 || total
---------------------------+-------+-------+-------+-------++-------
  Melee: Broad axe         |     2 |     3 |    29 |     7 ||    41
    Use: Potion            |       |     1 |       |       ||     1
         Scroll            |       |       |     1 |       ||     1
   Stab: Distracted        |       |       |       |     1 ||     1
 Armour: Plate armour      |       |    13 |    19 |     3 ||    35
  Dodge: Dodged            |       |     1 |     3 |       ||     4
  Block: Kite shield       |     3 |     9 |    46 |    14 ||    72
         Reflection        |       |       |       |     2 ||     2

Table legend: (Time is in decaauts)
 A = Elapsed time spent in this place.
 B = Non-inter-level travel time spent in this place.
 C = Inter-level travel time spent in this place.
 D = Time resting spent in this place.
 E = Time spent auto-exploring this place.
 F = Levels seen in this place.
 G = Mean time per level.
                   A        B        C        D        E       F      G
               +--------+--------+--------+--------+--------+-----+--------+
         Total |    675 |    673 |      2 |      0 |    439 |   1 |  675.0 |
       Dungeon |    675 |    673 |      2 |      0 |    439 |   1 |  675.0 |
               +--------+--------+--------+--------+--------+-----+--------+

Top non-repeatable levels by time:
       D: 675 daAuts
